 Dungeon Crawl Stone Soup version 0.29.1-13-g9f3cf754e1 (webtiles) character file.

Game seed: 2941829425012221804

46986 zlionsfan the Severer (level 14, -15/138 HPs)
             Began as a Naga Delver on Feb 5, 2023.
             Was a High Priest of Cheibriados.
             Demolished by a very large slime creature (34 damage)
             ... on level 12 of the Dungeon.
             The game lasted 01:04:34 (16923 turns).

zlionsfan the Severer (Naga Delver)                Turns: 16923, Time: 01:04:35

Health: -15/138    AC: 19    Str: 30    XL:     14   Next: 39%
Magic:  15/20      EV:  8    Int: 22    God:    Cheibriados [*****.]
Gold:   997        SH:  0    Dex: 24    Spells: 13/13 levels left

rFire   . . .      SeeInvis +   a - +2 war axe
rCold   + . .      Faith    .   (no shield)
rNeg    . . .      Spirit   .   p - +0 plate armour "Fothiu Osha" {rC+ Regen+}
rPois   +          Reflect  .   x - +2 hat
rElec   .          Harm     .   f - +2 cloak
rCorr   .          Rampage  .   (no gloves)
Will    ++...                   (no barding)
Stlth   +.........              (no amulet)
HPRegen 1.13/turn               l - ring of willpower
MPRegen 0.17/turn               (no ring)

@: very slow
A: AC +4, large, see invisible, deformed body, poison resistance, slowness 2,
spit poison 1, naga tail 2
a: Spit Poison, Renounce Religion, Bend Time, Temporal Distortion, Slouch, Step
From Time


You were on level 12 of the Dungeon.
You worshipped Cheibriados.
Cheibriados was extremely pleased with you.
You visited 3 branches of the dungeon, and saw 18 of its levels.
You also visited: Sewer, Bailey and Gauntlet.

You collected 1049 gold pieces.
You spent 52 gold pieces at shops.

Inventory:

Hand Weapons
 a - a +2 war axe (weapon)
 b - the +3 morningstar of Rufoud {venom, *Noise rF+ Int+4}
   (You found it on level 3 of the Lair of Beasts)

   It poisons the flesh of those it strikes.
   Int:       It affects your intelligence (+4).
   rF:        It protects you from fire.
   *Noise:    It may make noises in combat.
 G - a +0 broad axe
Missiles
 v - a throwing net
 z - 2 javelins (quivered)
 B - 2 silver javelins
Armour
 f - a +2 cloak (worn)
 p - the +0 plate armour "Fothiu Osha" (worn) {rC+ Regen+}
   (You found it on level 9 of the Dungeon)

   rC:        It protects you from cold.
   Regen:     It increases your rate of health regeneration.
 x - a +2 hat (worn)
Jewellery
 l - a ring of willpower (left hand)
Wands
 g - a wand of digging (12)
 w - a wand of flame (45)
 C - a wand of acid (2)
 E - a wand of charming (22)
Scrolls
 c - a scroll of fog
 d - 6 scrolls of magic mapping
 e - 3 scrolls of fear
 j - 3 scrolls of poison
 m - 4 scrolls of summoning
 n - a scroll of blinking
 q - 4 scrolls of immolation
 s - 2 scrolls of amnesia
 y - 7 scrolls of butterflies
 A - 4 scrolls of vulnerability
 F - 3 scrolls of teleportation
 K - a scroll of silence
Potions
 h - 2 potions of flight
 i - a potion of cancellation {unknown}
 k - 2 potions of resistance
 o - 2 potions of might
 r - 2 potions of invisibility
 t - 5 potions of curing
 u - 3 potions of magic
 D - a potion of heal wounds
 H - 2 potions of lignification
 I - a potion of brilliance
Miscellaneous
 J - a phantom mirror


   Skills:
 * Level 12.2 Fighting
 * Level 16.0(16.1) Axes
 + Level 3.1(10.9) Maces & Flails
 + Level 0.4 Ranged Weapons
 + Level 1.0 Throwing
 + Level 9.0 Armour
 + Level 3.0 Dodging
 + Level 9.9 Stealth
 * Level 9.1 Invocations
 + Level 0.4 Evocations


You had 13 spell levels left.
You didn't know any spells.
Your spell library contained the following spells:

 Spells                   Type           Power      Damage    Failure   Level
 Inner Flame              Hex/Fire       0%         N/A       98%         3
 Summon Guardian Golem    Hex/Summ       0%         N/A       98%         3
 Cause Fear               Hex            0%         N/A       100%        4
 Passage of Golubria      Tloc           0%         N/A       100%        4
 Silence                  Hex/Air        0%         N/A       100%        5
 Orb of Destruction       Conj           0%         9d5       100%        7
 Spellforged Servitor     Conj/Summ      0%         N/A       100%        7
 Discord                  Hex            0%         N/A       100%        8
 Lehudib's Crystal Spear  Conj/Erth      0%         10d2      100%        8


Dungeon Overview and Level Annotations

Branches:
Dungeon (12/15)            Temple (1/1) D:6            Lair (5/5) D:11
 Shoals (0/4) Lair:3        Snake (0/4) Lair:3        Slime (0/5) Lair:5
    Orc (0/2) D:9           Sewer (visited)          Bailey (visited)
Gauntlet (visited)

Altars:
Ashenzari
Cheibriados
Dithmenos
Elyvilon
Fedhas
Gozag
Hepliaklqana
Kikubaaqudgha
Makhleb
Nemelex Xobeh
Okawaru
Qazlal
Ru
Sif Muna
Trog
Uskayaw
Vehumet
Wu Jian
Xom
Yredelemnul
Zin
The Shining One
Jiyva

Shops:
D:2 :   D:6 *

Annotations:
D:3 3 runed translucent doors, flickminster's ghost, amateur NaEE


Innate Abilities, Weirdness & Mutations

Your serpentine skin is tough. (AC +4)
You have supernaturally acute eyesight. (SInv)
Armour fits poorly on your strangely shaped body.
Your system is resistant to poisons. (rPois)
You cover ground very slowly.
You can spit poison.
You can use your snake-like lower body to constrict enemies.


Message History

You slash the large slime creature!
The large slime creature is almost dead.
The large slime creature hits you.
You slash the large slime creature!
You kill the large slime creature!
Cheibriados appreciates the change of pace.
Your Armour skill increases to level 9!
You completely miss the yak. You grab the yak. You constrict the yak.
You slash the yak!
The yak is moderately wounded.
You constrict the yak.
The yak snorts and paws the ground.
The yak gores you.
You hit the yak.
The yak is heavily wounded.
You constrict the yak. The yak gores you but does no damage.
A very large slime creature splits.
You slice the yak!!
You kill the yak!
Cheibriados appreciates the change of pace.
The slime creature quivers.
The yak gores you but does no damage. The large slime creature hits you!
Two slime creatures merge to form a very large slime creature.
The yak gores you. The yak gores you but does no damage.
Things that are here:
a yak corpse; a yak corpse You hit the yak.
You grab the yak.
The yak is lightly wounded.
You hit the very large slime creature. You constrict the yak.
The very large slime creature hits you!!!
* * * LOW HITPOINT WARNING * * *
The yak gores you!
* * * LOW HITPOINT WARNING * * *
Activating: Slouch (3% risk of failure)
Press: ? - help, Dir - look around, f - activate You can feel time thicken for a moment.
Cheibriados lowers the support of your attributes as your movement quickens.
You constrict the yak.
The very large slime creature hits you!!
You die...

#......###.##.#
..............> ..#
#.##.##.......# ..# # #.
#.###.#.# ..# #. #.#
#.#.# ..# #.##.##.#
#.#.# ..#
#..[....###.#.# ..#
#.............###J.#####
####............@YY.$...
########.######Y###..
#.# .. #.# #.. #.# ..
#.# . #.# #.


You could see a very large slime creature and 3 yaks.

Vanquished Creatures
  Josephine (Lair:4)
  A boulder beetle (Lair:5)
  6 hydras
  A two-headed ogre (D:9)
  A manticore (D:12)
  2 cyclopes (D:11)
  17 cane toads
  6 elephants (Lair:5)
  5 black mambas
  A torpor snail (Lair:5)
  4 rime drakes
  10 komodo dragons
  A troll (D:12)
  2 polar bears
  A hornet (D:10)
  2 slime creatures (D:12)
  48 blink frogs
  A large abomination (Lair:5)
  4 dream sheep (Lair:3)
  5 wraiths (Lair:4)
  A spriggan (Lair:5)
  A ynoxinul (Lair:5)
  Sigmund (D:5)
  A wyvern (D:8)
  3 steam dragons
  6 basilisks
  A vampire (D:9)
  38 yaks
  A hog (shapeshifter) (Lair:5)
  2 chaos spawn (Lair:5)
  4 nagas (Lair:3)
  13 water moccasins
  Duvessa (D:4)
  An ice beast (D:6)
  A sky beast (D:7)
  3 orc warriors
  2 black bears
  15 wolves
  3 centaurs
  11 small abominations (Lair:5)
  2 phantoms
  9 bullfrogs
  A gnoll sergeant (D:8)
  2 necrophages
  3 scorpions
  4 wights (D:8)
  Dowan (D:4)
  11 killer bees
  8 howler monkeys
  An electric eel (D:7)
  A crimson imp (D:7)
  3 hounds
  5 jellies
  3 orc priests
  Jessica (D:2)
  Terence (D:2)
  8 orc wizards
  4 iguanas
  4 gnolls (D:8)
  8 adders
  3 river rats (Sewer)
  2 shadow imps
  3 white imps
  An ufetubus (D:5)
  7 worms
  4 dart slugs
  35 orcs
  11 ball pythons
  9 bats
  16 endoplasms
  10 giant cockroaches
  7 goblins
  7 hobgoblins
  4 jackals
  2 kobolds
  2 quokkas
  5 frilled lizards
  9 rats
  A butterfly (Lair:5)
446 creatures vanquished.

Vanquished Creatures (others)
  A white imp (D:7)
  48 fungi
  112 plants
161 creatures vanquished.

Grand Total: 607 creatures vanquished

Notes
Turn   | Place    | Note
-------+----------+-------------------------------------------
     0 | D:5      | zlionsfan the Naga Delver began the quest for the Orb.
     0 | D:5      | Reached XP level 1. HP: 21/21 MP: 1/1
    21 | D:5      | Noticed a scorpion
    48 | D:5      | Noticed an orc priest
    57 | D:5      | Killed an orc priest
    58 | D:5      | Reached XP level 2. HP: 14/28 MP: 2/2
    58 | D:5      | Reached XP level 3. HP: 17/34 MP: 3/3
   317 | D:5      | Noticed a scorpion
   650 | D:3      | Reached XP level 4. HP: 36/42 MP: 4/4
  1508 | D:2      | Found Caxudetrid's Book Shop.
  1512 | D:2      | Noticed Jessica
  1519 | D:2      | Killed Jessica
  1622 | D:2      | Noticed Terence
  1635 | D:2      | Reached XP level 5. HP: 46/49 MP: 3/5
  2172 | D:2      | Found a faded altar of an unknown god.
  2350 | D:2      | Killed Terence
  2351 | D:2      | Reached skill level 3 in Axes
  2572 | D:3      | Found a runed translucent gate.
  2572 | D:3      | Found a runed translucent gate.
  2573 | D:3      | Found a runed translucent gate.
  2575 | D:3      | Noticed flickminster's ghost (amateur NaEE)
  2644 | D:3      | Reached skill level 1 in Armour
  3217 | D:3      | Reached XP level 6. HP: 45/57 MP: 4/6
  3597 | D:3      | Found a snail-covered altar of Cheibriados.
  3605 | D:3      | Became a worshipper of Cheibriados the Contemplative
  3698 | D:3      | Identified the +7 hand axe of the Majestic God {spect,
                  | MP+9}
  3934 | D:4      | Noticed Duvessa
  4064 | D:4      | Reached skill level 4 in Axes
  4116 | D:4      | Identified the +1 chain mail "Nimumobb" {rN+ Regen+ rCorr}
  4154 | D:4      | Noticed Dowan
  4167 | D:4      | Killed Dowan
  4299 | D:4      | Killed Duvessa
  4300 | D:4      | Reached XP level 7. HP: 10/64 MP: 1/7
  4390 | D:4      | Found a bloodstained altar of Trog.
  4639 | D:5      | Reached skill level 5 in Axes
  4646 | D:5      | Noticed Sigmund
  4674 | D:5      | Reached * piety under Cheibriados
  4820 | D:5      | Reached skill level 1 in Invocations
  4855 | D:5      | Found an ancient bone altar of Kikubaaqudgha.
  5072 | D:5      | Reached XP level 8. HP: 67/73 MP: 8/8
  5149 | D:5      | Killed Sigmund
  5150 | D:5      | Reached skill level 5 in Fighting
  5316 | D:6      | Found a glowing drain.
  5342 | Sewer    | Entered a sewer
  5400 | Sewer    | Reached ** piety under Cheibriados
  5435 | Sewer    | Reached skill level 6 in Axes
  5541 | Sewer    | Found a viscous altar of Jiyva.
  5636 | D:6      | Found a radiant altar of Vehumet.
  5686 | D:6      | Reached *** piety under Cheibriados
  5718 | D:6      | Reached XP level 9. HP: 32/82 MP: 2/10
  5799 | D:6      | Found a staircase to the Ecumenical Temple.
  5805 | Temple   | Entered the Ecumenical Temple
  5984 | D:6      | Found a white marble altar of Elyvilon.
  6038 | D:6      | Reached skill level 7 in Axes
  6281 | D:6      | Found Eferghaxt's Assorted Antiques.
  6284 | D:6      | Bought a scroll of identify for 52 gold pieces
  7026 | D:7      | Reached skill level 8 in Axes
  7154 | D:7      | Reached **** piety under Cheibriados
  7847 | D:8      | Reached XP level 10. HP: 94/94 MP: 13/13
  7864 | D:8      | Reached skill level 9 in Axes
  7958 | D:8      | Found an ornate altar of the Wu Jian Council.
  8144 | D:8      | Found a sparkling altar of Nemelex Xobeh.
  8440 | D:9      | Found a shimmering altar of Xom.
  8487 | D:9      | Found a flagged portal.
  8502 | D:9      | Reached ***** piety under Cheibriados
  8511 | Bailey   | Entered a bailey
  8597 | D:9      | Found a stormy altar of Qazlal.
  8637 | D:9      | Identified the +10 long sword of Discord {chaos, Will+
                  | Int+5 Dex+2}
  8648 | D:9      | Noticed a two-headed ogre
  8666 | D:9      | Killed a two-headed ogre
  8720 | D:9      | Reached skill level 10 in Axes
  8792 | D:9      | Identified the +0 plate armour "Fothiu Osha" {rC+ Regen+}
  8807 | D:9      | Reached skill level 5 in Armour
  8898 | D:9      | Found a shadowy altar of Dithmenos.
  9152 | D:9      | Found a staircase to the Orcish Mines.
  9196 | D:10     | Entered Level 10 of the Dungeon
  9216 | D:10     | Reached skill level 5 in Invocations
  9246 | D:10     | Reached XP level 11. HP: 56/103 MP: 5/14
  9331 | D:10     | Reached skill level 11 in Axes
  9392 | D:10     | Found a blossoming altar of Fedhas.
  9714 | D:10     | Noticed an angel
  9719 | D:10     | Found a glowing silver altar of Zin.
 10595 | D:11     | Found a staircase to the Lair.
 10613 | D:11     | Noticed a cyclops
 10625 | D:11     | Killed a cyclops
 10951 | D:11     | Noticed a cyclops
 10964 | D:11     | Killed a cyclops
 11300 | Lair:1   | Entered Level 1 of the Lair of Beasts
 11339 | Lair:1   | Found a gate leading to a gauntlet.
 11354 | Gauntlet | Entered a Gauntlet
 11354 | Gauntlet | Found a transporter.
 11355 | Gauntlet | Noticed a wolf spider
 11651 | Lair:1   | Noticed an eight-headed hydra
 11698 | Lair:2   | Reached skill level 12 in Axes
 12347 | Lair:3   | Identified the +3 morningstar of Rufoud {venom, *Noise rF+
                  | Int+4}
 12406 | Lair:3   | Reached XP level 12. HP: 89/114 MP: 16/16
 12536 | Lair:3   | Reached skill level 13 in Axes
 12841 | Lair:3   | Reached ****** piety under Cheibriados
 12864 | Lair:3   | Reached skill level 1 in Throwing
 13008 | Lair:3   | Found a staircase to the Snake Pit.
 13233 | Lair:3   | Found a staircase to the Shoals.
 13387 | Lair:3   | Noticed a seven-headed hydra
 13530 | Lair:4   | Reached skill level 14 in Axes
 13574 | Lair:4   | Identified the +1 robe of the Vacuum {Harm rPois rF+ Will+}
 13774 | Lair:4   | Reached skill level 10 in Fighting
 14077 | Lair:4   | Identified the +0 robe of Spring Thaw {rN+ rCorr Str-5}
 14287 | Lair:4   | Noticed an eight-headed hydra
 14296 | Lair:4   | Killed an eight-headed hydra
 14297 | Lair:4   | Gained mutation: You can use your snake-like lower body to
                  | constrict enemies. [Naga growth]
 14297 | Lair:4   | Reached XP level 13. HP: 61/124 MP: 12/18
 14430 | Lair:4   | Reached skill level 1 in Maces & Flails
 14439 | Lair:4   | Noticed Josephine
 14444 | Lair:4   | Killed Josephine
 14832 | Lair:5   | Entered Level 5 of the Lair of Beasts
 14941 | Lair:5   | Reached skill level 15 in Axes
 15440 | Lair:5   | Found a viscous altar of Jiyva.
 15452 | Lair:5   | Found a staircase to the Slime Pits.
 15871 | Lair:5   | Reached XP level 14. HP: 129/136 MP: 20/20
 16653 | Lair:1   | Reached skill level 16 in Axes
 16923 | D:12     | Demolished by a very large slime creature

Illustrated notes

Levels and vault maps discovered:
D:1:      minmay_arrival_three_doors, layout_basic
D:2:      layout_basic, ebering_ecumenical_altar_sacrificial, serial_shops,
          shop, uniq_terence, uniq_jessica
D:3:      layout_basic, mainiacjoe_overflow_small_starburst,
          biasface_ghost_orc_armoury, serial_bayou, serial_bayou_lake_a,
          serial_bayou_pond_e, serial_bayou_shore_a, serial_bayou_pond_b,
          minmay_starry_boxes
D:4:      layout_cave_pools, general_overflow_altar, kennysheep_generic_room_9,
          uniq_duvessa
D:5:      layout_loops_ring, mainiacjoe_overflow_brackets, uniq_sigmund
D:6:      layout_rooms, nicolae_elyvilon_temple_path, vehumet_crystals,
          temple_fountains, serial_shops, kennysheep_mini_moat,
          portal_sewer_entry_f, eino_tiny_chamber
D:7:      layout_basic, serial_bayou, serial_bayou_shore_b, serial_bayou_pond_b,
          serial_bayou_pond_e, serial_bayou_pond_c, minmay_fire_ice_demons,
          uniq_pikel
D:8:      layout_basic, pdpol_wu_jian_five_deadly_venoms,
          nemelex_spade_bored_becter
D:9:      kennysheep_steamy, layout_irregular_city, mainiacjoe_overflow_catwalk,
          grunt_dithmenos_smoke, xom_butterflies, enter_bailey_5
D:10:     layout_layer_cave, zin_angel, lemuel_tele_altar
D:11:     layout_loops_ring, lair_entry_dummy
D:12:     layout_loops_ring, uniq_snorg
Temple:   compressed_dpeg_circular_temple
Lair:1:   layout_roguey, gauntlet_entry_generic, grunt_megastairs_3,
          serial_bayou_shore_b
Lair:2:   layout_cave_shapes
Lair:3:   layout_roguey, elwin_shoals_entry_rooms, guppyfry_snake_entry_garden,
          st_stairs_7
Lair:4:   layout_small_grid, uniq_josephine
Lair:5:   hellmonk_lair_end_abyssal_woods, layout_loops_ring,
          dpeg_slime_entry_corner, chequers_serial_rivers_micro_d,
          lemuel_fruit_fields

Skill      XL: |  1  2  3  4  5  6  7  8  9 10 11 12 13 14 |
---------------+-------------------------------------------+-----
Stealth        | 8 9 |  9.9
Axes           | 3 4 5 6 8 10 12 14 15 16 | 16.0
Armour         | 1 2 3 4 5 6 7 8 9 |  9.0
Dodging        | 2 3 |  3.0
Fighting       | 4 6 7 9 10 11 12 | 12.2
Invocations    | 1 2 4 5 6 7 8 9 |  9.1
Throwing       | 1 |  1.0
Maces & Flails | 2 3 |  3.1
Ranged Weapons | |  0.4
Evocations     | |  0.4

Action                   |  1- 3 |  4- 6 |  7- 9 | 10-12 | 13-15 || total
-------------------------+-------+-------+-------+-------+-------++-------
Melee: Hand axe          |    22 |   160 |   493 |       |       ||   675
       Punch             |       |       |     4 |     7 |     9 ||    20
       War axe           |       |       |     7 |   575 |   310 ||   892
       Morningstar       |       |       |       |     4 |    26 ||    30
       Constrict         |       |       |       |       |    62 ||    62
 Fire: Sling             |       |     3 |       |       |       ||     3
Throw: Javelin           |       |       |    12 |     5 |       ||    17
       Throwing net      |       |       |       |     2 |       ||     2
Invok: Bend Time         |       |       |     2 |     3 |     1 ||     6
       Slouch            |       |       |       |     4 |    10 ||    14
 Abil: Spit Poison       |     9 |    39 |    47 |    57 |    10 ||   162
Evoke: Wand              |       |       |     1 |     4 |       ||     5
  Use: Scroll            |       |    10 |     3 |    14 |     5 ||    32
       Potion            |       |     1 |     1 |     5 |     1 ||     8
 Stab: Sleeping          |       |    14 |     3 |       |       ||    17
Armor: Leather armour    |     6 |    87 |       |       |       ||    93
       Chain mail        |       |     2 |   289 |    74 |       ||   365
       Plate armour      |       |       |       |   232 |   213 ||   445
Dodge: Dodged            |    13 |   109 |   178 |   195 |   132 ||   627
